Map: [ESL] Glittering Ashes

Players

Astrea

  • Race: Protoss Protoss

SKillous - Winner!

  • Race: Protoss Protoss

Event: IEM Katowice 2022

VOD

Have the link to the VOD?

Description

Time

  • Played on: Feb. 23, 2022, 11:04 a.m.
  • Length: 9:11

All games in this series

Show
View Real Time Build Order
Export as new Build Order

Astrea Protoss 

Build Orders: Proxy Void Ray 

Get SALT Encoding   

  12  0:00  Probe  
  13  0:12  Probe  
  14  0:17  Pylon  
  14  0:24  Probe (Chrono Boost)  
  15  0:36  Probe (Chrono Boost)  
  15  0:40  Gateway  
  16  0:45  Probe (Chrono Boost)  
  16  0:47  Assimilator  
  17  0:51  Probe  
  18  1:00  Assimilator  
  18  1:03  Probe (Chrono Boost)  
  19  1:08  Pylon  
  20  1:12  Probe (Chrono Boost)  
  20  1:17  Probe (Chrono Boost)  
  21  1:27  Cybernetics Core  
  21  1:29  Probe  
  21  1:31  Pylon  
  22  1:41  Zealot, Probe  
  25  1:53  Probe  
  26  2:05  Probe  
  26  2:06  Stargate, Adept (Chrono Boost)  
  29  2:17  Probe, Warp Gate  
  29  2:33  Stalker  
  29  2:36  Shield Battery  
  31  2:43  Probe  
  32  2:45  Void Ray (Chrono Boost)  
  36  2:57  Pylon  
  36  3:09  Shield Battery  
  36  3:12  Stalker  
  36  3:15  Shield Battery  
  36  3:24  Void Ray (Chrono Boost)  
  39  3:37  Pylon  
  39  3:54  Void Ray (Chrono Boost)  
  39  3:58  Shield Battery  
  39  4:00  Shield Battery  
  43  4:06  Shield Battery  
  43  4:29  Void Ray (Chrono Boost)  
  46  4:43  Adept  
  48  4:50  Nexus  
  48  4:59  Void Ray (Chrono Boost)  
  48  5:00  Probe  
  53  5:12  Probe  
  54  5:17  Pylon  
  54  5:24  Probe  
  55  5:31  Void Ray (Chrono Boost)  
  55  5:36  Probe  
  58  5:45  Zealot  
  58  5:48  Probe  
  61  6:01  Probe (Chrono Boost)  
  61  6:03  Void Ray (Chrono Boost)  
  62  6:05  Probe (Chrono Boost)  
  62  6:11  Robotics Facility  
  67  6:16  Zealot  
  67  6:17  Probe (Chrono Boost)  
  71  6:18  Probe (Chrono Boost)  
  71  6:22  Probe (Chrono Boost)  
  71  6:25  Probe (Chrono Boost)  
  73  6:31  Probe  
  74  6:37  Probe  
  74  6:38  Pylon  
  74  6:39  Assimilator  
  75  6:40  Pylon  
  75  6:43  Stalker, Probe  
  75  6:49  Probe  
  74  6:59  Observer  
  68  7:15  Probe  
  58  7:25  Stalker  
  58  7:28  Probe  
  61  7:30  Probe  
  61  7:40  Probe  
  61  7:42  Probe  
  60  7:53  Probe  
  60  7:54  Stalker, Probe  
  60  8:05  Probe  
  58  8:06  Probe (Chrono Boost)  
  50  8:17  Probe (Chrono Boost)  
  50  8:18  Probe (Chrono Boost)  
  52  8:27  Probe x2 (Chrono Boost)  
  52  8:32  Probe (Chrono Boost)  
  52  8:33  Probe  
  44  8:43  Probe  
  44  8:45  Probe  
  46  8:55  Probe  
  41  8:58  Probe  
Show
View Real Time Build Order
Export as new Build Order

SKillous Protoss - Winner!

Build Orders:  

Get SALT Encoding   

  12  0:00  Probe  
  13  0:12  Probe  
  14  0:17  Pylon  
  14  0:24  Probe  
  15  0:35  Gateway  
  15  0:36  Probe (Chrono Boost)  
  16  0:45  Probe (Chrono Boost)  
  16  0:46  Assimilator  
  17  0:50  Probe (Chrono Boost)  
  17  0:56  Assimilator  
  18  1:03  Probe (Chrono Boost)  
  20  1:11  Pylon  
  20  1:12  Probe (Chrono Boost)  
  20  1:17  Probe (Chrono Boost)  
  20  1:22  Cybernetics Core  
  21  1:29  Probe  
  21  1:31  Zealot  
  24  1:41  Probe  
  25  1:53  Probe  
  26  1:59  Stalker (Chrono Boost), Warp Gate  
  28  2:10  Pylon  
  28  2:20  Stalker (Chrono Boost)  
  28  2:22  Pylon  
  30  2:31  Cybernetics Core  
  29  2:48  Stalker  
  31  3:01  Shield Battery  
  31  3:02  Probe  
  31  3:04  Shield Battery  
  32  3:09  Nexus  
  32  3:14  Probe  
  32  3:15  Gateway  
  33  3:22  Shield Battery  
  33  3:27  Probe  
  34  3:32  Robotics Facility  
  34  3:38  Pylon  
  32  3:44  Shield Battery  
  32  3:47  Stalker  
  34  3:54  Gateway  
  34  4:10  Stalker x2  
  38  4:23  Shield Battery  
  38  4:30  Stalker x2  
  42  4:33  Probe  
  37  4:47  Stalker x2  
  41  4:57  Gateway  
  39  5:02  Stalker  
  41  5:09  Stalker  
  41  5:10  Stalker  
  45  5:19  Cybernetics Core  
  45  5:26  Pylon  
  43  5:41  Pylon  
  43  5:43  Probe  
  44  5:57  Stalker x3  
  44  6:00  Shield Battery  
  50  6:05  Pylon  
  49  6:13  Pylon  
  49  6:16  Stalker  
  50  6:24  Adept x2  
  50  6:42  Stalker  
  50  6:45  Adept x2  
  54  6:56  Probe x2  
  56  7:05  Stalker x3  
  60  7:12  Probe  
  55  7:17  Probe  
  52  7:28  Stalker x3, Shield Battery  
  58  7:37  Shield Battery  
  58  7:57  Stalker x3  
  62  8:07  Probe  
  62  8:09  Probe  
  62  8:11  Twilight Council  
  63  8:22  Probe  
  63  8:25  Stalker x3  
  70  8:28  Pylon  
  70  8:29  Pylon  
  70  8:31  Probe  
  69  8:38  Probe  
  66  8:46  Probe  
  65  9:02  Stalker x2  
  69  9:06  Assimilator  
  70  9:10  Assimilator  
  70  9:11  Stalker  

Tags
 
Add a new tag
Caveats
  • Supply blocks, unpowered buildings, or Contaminate may cause inaccurate times.
  • Supply counts are checked every 10 seconds.